 Dungeon Crawl Stone Soup version 0.23.1-37-gaa34b87b72 (webtiles) character file.

Game seed: 8917395216755365873

3848 Peloso the Carver (level 9, -6/79 HPs)
             Began as a Minotaur Fighter on Mar 27, 2019.
             Mangled by a +1 trident of chaos (13 damage)
             ... on level 6 of the Dungeon.
             The game lasted 00:12:53 (5886 turns).

Peloso the Carver (Minotaur Fighter)                Turns: 5886, Time: 00:12:53

Health: -6/79      AC: 12    Str: 22    XL:     9   Next: 98%
Magic:  8/8        EV:  8    Int:  5    God:
Gold:   546        SH: 12    Dex: 12    Spells: 8/8 levels left

rFire    . . .     SeeInvis .   a - +5 falchion of Change {freeze, MR+}
rCold    . . .     Gourm    .   c - +1 shield
rNeg     . . .     Faith    .   l - +0 chain mail
rPois    .         Spirit   .   (helmet restricted)
rElec    .         Reflect  .   h - +0 cloak
rCorr    .         Harm     .   (no gloves)
MR       +....                  (no boots)
Stlth    ..........             (no amulet)
HPRegen  0.23/turn              (no ring)
MPRegen  0.11/turn              (no ring)

@: no status effects
A: retaliatory headbutt, horns 2
a: no special abilities


You were on level 6 of the Dungeon.
You were near starving.

You visited 2 branches of the dungeon, and saw 8 of its levels.

You collected 546 gold pieces.

Inventory:

Hand Weapons
 a - the +5 falchion of Change (weapon) {freeze, MR+}
   (You found it on level 7 of the Dungeon)

   It has been specially enchanted to freeze those struck by it, causing extra
   injury to most foes and up to half again as much damage against particularly
   susceptible opponents.
   It can also slow down cold-blooded creatures.
   It affects your resistance to hostile enchantments.
 r - a +0 whip of flaming
Armour
 b - a +0 scale mail
 c - a +1 shield (worn)
 h - a +0 cloak (worn)
 l - a +0 chain mail (worn)
Jewellery
 o - an uncursed ring of resist corrosion
 w - an uncursed ring of flight {unknown}
Wands
 n - a wand of polymorph (3)
 p - a wand of random effects (29)
Scrolls
 e - a scroll of amnesia
 i - 2 scrolls of enchant armour
 j - a scroll of fear
 k - 2 scrolls of remove curse
 m - 8 scrolls of identify
 q - 3 scrolls of teleportation {unknown}
 s - 2 scrolls of fog
 u - 2 scrolls of magic mapping {unknown}
Potions
 d - a potion of might
 g - a potion of lignification {unknown}
 t - a potion of agility {unknown}
 v - a potion of ambrosia {unknown}
 x - 2 potions of curing
Comestibles
 f - 11 rations


   Skills:
 + Level 7.6 Fighting
 + Level 11.0 Long Blades
 + Level 8.3 Armour
 + Level 2.6 Dodging
 + Level 1.4 Stealth
 + Level 8.5 Shields


You had 8 spell levels left.
You didn't know any spells.
Your spell library contained the following spells:

 Spells                   Type           Power        Failure   Level  Hunger
 Freeze                   Ice            #...         100%        1    ##.....
 Throw Frost              Conj/Ice       #.....       100%        2    ###....
 Ozocubu's Armour         Chrm/Ice       #.......     100%        3    ####...
 Summon Ice Beast         Ice/Summ       #.......     100%        4    #####..
 Throw Icicle             Conj/Ice       #.......     100%        4    #####..


Dungeon Overview and Level Annotations

Branches:
Dungeon (7/15)             Temple (1/1) D:6

Altars:
Ashenzari
Cheibriados
Dithmenos
Elyvilon
Fedhas
Gozag
Hepliaklqana
Kikubaaqudgha
Makhleb
Nemelex Xobeh
Qazlal
Ru
Sif Muna
Trog
Uskayaw
Wu Jian
Xom
Yredelemnul
Zin
The Shining One


Innate Abilities, Weirdness & Mutations

You reflexively headbutt those who attack you in melee.
You have a pair of horns on your head.


Message History

The +1 trident of chaos is heavily damaged.
You feel sick.
The +1 trident of chaos barely misses you.
You furiously retaliate!
You headbutt the +1 trident of chaos. The +1 trident of chaos hits you.
* * * LOW HITPOINT WARNING * * *
The +1 trident of chaos draws strength from your wounds!
It was a potion of curing.
You feel better.
You block the +1 trident of chaos's attack.
You hit the +1 trident of chaos but do no damage.
Your headbutt misses the +1 trident of chaos.
The +1 trident of chaos is heavily damaged.
The +1 trident of chaos hits you.
* * * LOW HITPOINT WARNING * * *
Unknown command.
You closely miss the +1 trident of chaos.
The +1 trident of chaos is heavily damaged.
You block the +1 trident of chaos's attack.
The +1 trident of chaos hits you!
You die...

#.#.#.#
#.#.#.#
#.#.#.#
#.#.#(#
###.....#
##.###.###
#._.##.#
###(###.#
#..@..#.#
###)###.#
#...[.#
#####.#
#.# #<#
###


You could see a +1 trident of chaos.

Vanquished Creatures
  Pikel (D:4)
  The ghost of Zentennen the Shield-Bearer, a novice MiFi (D:6)
  A troll (D:6)
  2 hippogriffs (D:7)
  Edmund (D:4)
  An ice beast (D:5)
  3 sky beasts
  5 ogres
  A phantom (D:6)
  3 centaurs
  A bullfrog (D:7)
  A wyvern zombie (D:6)
  3 scorpions
  A killer bee (D:7)
  A crimson imp (D:7)
  5 orc wizards
  An orc priest (D:3)
  A bullfrog skeleton (D:4)
  2 centaur skeletons
  Natasha (twice) (D:4)
  3 iguanas
  8 worker ants
  A hound zombie (D:5)
  6 gnolls
  7 adders
  An ooze (D:2)
  An adder skeleton (D:4)
  An adder zombie (D:7)
  9 worms
  2 dart slugs
  7 leopard geckos
  18 orcs
  9 giant cockroaches
  10 goblins
  8 hobgoblins
  3 jackals (D:3)
  13 kobolds
  3 quokkas (D:3)
  8 bats
  9 frilled lizards
  A quokka skeleton (D:4)
  6 rats
171 creatures vanquished.

Vanquished Creatures (others)
  Natasha (D:4)
  2 orcs (D:4)
3 creatures vanquished.

Grand Total: 174 creatures vanquished

Notes
Turn   | Place    | Note
-------+----------+-------------------------------------------
     0 | D:1      | Peloso the Minotaur Fighter began the quest for the Orb.
     0 | D:1      | Reached XP level 1. HP: 19/19 MP: 0/0
   146 | D:1      | Reached XP level 2. HP: 24/27 MP: 1/1
   709 | D:2      | Reached XP level 3. HP: 31/33 MP: 2/2
   736 | D:2      | Reached skill level 3 in Long Blades
  1190 | D:2      | Reached XP level 4. HP: 40/40 MP: 3/3
  1390 | D:3      | Found an ornate altar of the Wu Jian Council.
  1416 | D:3      | Reached skill level 1 in Dodging
  1427 | D:3      | Reached XP level 5. HP: 40/46 MP: 4/4
  1429 | D:3      | Reached skill level 4 in Long Blades
  2233 | D:4      | Reached skill level 5 in Armour
  2233 | D:4      | Reached XP level 6. HP: 52/53 MP: 5/5
  2284 | D:4      | Found a bloodstained altar of Trog.
  2308 | D:4      | Reached skill level 5 in Long Blades
  2308 | D:4      | Reached skill level 5 in Shields
  2555 | D:4      | Noticed Edmund
  2582 | D:4      | Killed Edmund
  2614 | D:4      | Noticed a slave
  2637 | D:4      | Reached XP level 7. HP: 33/60 MP: 6/6
  2790 | D:4      | Noticed Pikel
  2800 | D:4      | Killed Pikel
  2800 | D:4      | Reached skill level 5 in Fighting
  2800 | D:4      | Reached skill level 7 in Long Blades
  2800 | D:4      | Reached skill level 1 in Stealth
  2800 | D:4      | Reached XP level 8. HP: 46/69 MP: 7/7
  2952 | D:4      | Noticed Natasha
  2962 | D:4      | Killed Natasha
  3161 | D:4      | Noticed Natasha
  3167 | D:4      | Killed Natasha
  3187 | D:4      | Killed Natasha
  3226 | D:5      | Entered Level 5 of the Dungeon
  3279 | D:5      | Found a white marble altar of Elyvilon.
  3296 | D:5      | Reached skill level 8 in Long Blades
  4030 | D:6      | Found a runed translucent door.
  4030 | D:6      | Found a shimmering altar of Xom.
  4030 | D:6      | Noticed a +1 trident of chaos
  4030 | D:6      | Noticed Zentennen's ghost (novice MiFi)
  4187 | D:6      | Reached skill level 9 in Long Blades
  4187 | D:6      | Reached XP level 9. HP: 66/78 MP: 8/8
  4188 | D:6      | Found a staircase to the Ecumenical Temple.
  4199 | Temple   | Entered the Ecumenical Temple
  4784 | D:6      | Noticed a troll
  4791 | D:6      | Killed a troll
  5322 | D:7      | Reached skill level 10 in Long Blades
  5565 | D:7      | Got a bone falchion
  5566 | D:7      | Identified the +5 falchion of Change {freeze, MR+} (You
                  | found it on level 7 of the Dungeon)
  5580 | D:7      | Found a burning altar of Makhleb.
  5581 | D:7      | Found a shimmering altar of Xom.
  5651 | D:7      | Found a deep blue altar of Sif Muna.
  5878 | D:6      | Killed Zentennen's ghost
  5878 | D:6      | Reached skill level 11 in Long Blades
  5883 | D:6      | HP: 3/79 [+1 trident of chaos (5)]
  5886 | D:6      | Mangled by a +1 trident of chaos

Skill      XL: |  1  2  3  4  5  6  7  8  9 |
---------------+----------------------------+-----
Shields        | 4 5 6 7 8 |  8.5
Armour         | 4 5 6 7 8 |  8.3
Fighting       | 4 5 6 7 |  7.6
Long Blades    | 3 4 5 7 9 11 | 11.0
Dodging        | 1 2 |  2.6
Stealth        | 1 |  1.4

Action                   |  1- 3 |  4- 6 |  7- 9 || total
-------------------------+-------+-------+-------++-------
Melee: Long sword        |   104 |   152 |   243 ||   499
       Headbutt          |    14 |    20 |    72 ||   106
       Falchion          |       |       |    48 ||    48
  Use: Potion            |       |     1 |     2 ||     3
       Scroll            |       |       |     9 ||     9
  Eat: Chunk             |       |     6 |     9 ||    15
Armor: Scale mail        |    63 |    23 |       ||    86
       Chain mail        |       |    70 |   112 ||   182
Dodge: Dodged            |    34 |    50 |    67 ||   151
Block: Shield            |    72 |    85 |   152 ||   309
       Rpst.: Long sword |    12 |    10 |    17 ||    39
